 Dungeon Crawl Stone Soup version 0.30-a0-50-gb2d611f6b1 (webtiles) character file.

Game seed: 16934054206443629070

65 timneilson the Shield-Bearer (level 4, -1/28 HPs)
             Began as a Gargoyle Fighter on Sept 4, 2022.
             Killed from afar by Natasha (4 damage)
             ... with a magic dart
             ... on level 2 of the Dungeon.
             The game lasted 00:01:45 (1769 turns).

timneilson the Shield-Bearer (Gargoyle Fighter)     Turns: 1769, Time: 00:01:46

Health: -1/28      AC: 10    Str: 21    XL:     4   Next: 14%
Magic:  4/4        EV:  9    Int:  9    God:
Gold:   116        SH:  4    Dex:  9    Spells: 3/3 levels left

rFire   . . .      SeeInvis .    a - +0 long sword
rCold   . . .      Faith    .    c - +0 buckler
rNeg    + . .      Spirit   .    b - +0 scale mail
rPois   ∞          Reflect  .    (no helmet)
rElec   +          Harm     .    (no cloak)
rCorr   .          Rampage  .    (no gloves)
Will    .....                    (no boots)
Stlth   ..........               (no amulet)
HPRegen 0.09/turn                (no ring)
MPRegen 0.09/turn                (no ring)

@: no status effects
A: sickness immunity, AC +3, negative energy resistance 1, electricity
resistance, torment resistance 1, petrification resistance
a: no special abilities


You were on level 2 of the Dungeon.
You visited 1 branch of the dungeon, and saw 2 of its levels.

You collected 116 gold pieces.

Inventory:

Hand Weapons
 a - a +0 long sword (weapon)
Armour
 b - a +0 scale mail (worn)
 c - a +0 buckler (worn)
 j - a +0 tower shield
Scrolls
 e - a scroll of noise {unknown}
 f - a scroll of fear
 g - a scroll of identify {unknown}
Potions
 d - 2 potions of might
 h - a potion of attraction {unknown}


   Skills:
 + Level 3.5 Fighting
 * Level 2.4 Long Blades
 * Level 3.9 Armour
 + Level 0.8 Dodging
 * Level 3.9 Shields


You had 3 spell levels left.
You didn't know any spells.
Your spell library was empty.

Dungeon Overview and Level Annotations

Branches:
Dungeon (2/15)

Altars:

Shops:
D:1 *=

Annotations:
D:2 Natasha


Innate Abilities, Weirdness & Mutations

You are immune to sickness and miasma.
Your stone body is resilient. (AC +3)
You are immune to poison.
You resist negative energy. (rN+)
You are resistant to electric shocks. (rElec)
You are resistant to unholy torment.
You are immune to petrification.


Message History

Natasha is almost dead.
The crimson imp hits you but does no damage.
Natasha claws you but does no damage.
The shadow imp disappears for a moment.
The shadow imp barely misses you.
You barely miss Natasha.
Natasha is almost dead.
The shadow imp disappears in a puff of smoke!
The crimson imp hits you but does no damage.
You block Natasha's attack. The crimson imp barely misses you.
The white imp hits you but does no damage.
Unknown command.
You hit Natasha.
Natasha is almost dead.
Natasha claws you!
The crimson imp blinks!
The white imp gestures at you.
The puff of frost hits you but does no damage.
Natasha wildly gestures.
Natasha shimmers violently.
Natasha misses you.
You closely miss Natasha.
Natasha is almost dead.
Natasha seems less brilliant.
The white imp gestures at you. The puff of frost misses you.
Natasha drinks a potion.
Natasha's spells are empowered!
Unknown command.
You hit Natasha but do no damage.
Natasha is almost dead.
The white imp gestures at you. The puff of frost hits you!
* * * LOW HITPOINT WARNING * * *
Natasha casts a spell at you.
The magic dart hits you but does no damage.
The crimson imp shouts, "Return whence thou came, thou dissembling crook-pated lout!"
You hit Natasha but do no damage.
Natasha is almost dead.
Natasha casts a spell at you. The magic dart hits you.
You die...

.....#.........#<....#.
####...#.........#.#####.
.......#.........#.# #.
#....#.........#.#####.
#........†.....#.#.....
#...##.........#.#.....
#......#'#######.#.....
#......#'#######.######
#.#(.#@........#.#
#.....h5.......#.#
#.......5......#.#
#.##...........#.#
#..........#####.#
####.)##.#.# #.#
#.....##.#.# #†#
#.#####.##.#.# #.#
#....)...#.#.#####.###...


You could see Natasha (empowered), a crimson imp (summoned) and a white imp
(summoned).

Vanquished Creatures
  Natasha (D:2)
  An adder (D:2)
  2 worms (D:2)
  4 bats
  2 giant cockroaches
  2 goblins
  7 jackals
  A frilled lizard (D:2)
  2 kobolds
  3 rats
25 creatures vanquished.

Notes
Turn   | Place    | Note
-------+----------+-------------------------------------------
     0 | D:1      | timneilson the Gargoyle Fighter began the quest for the
                  | Orb.
     0 | D:1      | Reached XP level 1. HP: 14/14 MP: 1/1
    56 | D:1      | Found Ettehyr's General Store.
   155 | D:1      | Found a faded altar of an unknown god.
   155 | D:1      | Found Qiufestruca's Jewellery Shop.
   533 | D:1      | Reached XP level 2. HP: 19/19 MP: 2/2
  1125 | D:2      | Reached XP level 3. HP: 5/23 MP: 3/3
  1127 | D:2      | HP: 1/23 [worm (4)]
  1741 | D:2      | Noticed Natasha
  1745 | D:2      | Killed Natasha
  1746 | D:2      | Reached XP level 4. HP: 24/28 MP: 4/4
  1752 | D:2      | Noticed Natasha
  1769 | D:2      | Killed from afar by Natasha

Illustrated notes

Levels and vault maps discovered:
D:1:      spicycebolla_green_bress_n_ham_2, layout_loops_cross,
          shapermc_ecumenical_altar_mp_ritualfount, serial_shops, shop,
          nicolae_square_shop, minmay_misc_feat_tower
D:2:      layout_basic, uniq_sigmund, uniq_natasha

Skill      XL: |  1 |
---------------+----+-----
Long Blades    | 2 |  2.4
Fighting       | |  3.5
Armour         | |  3.9
Dodging        | |  0.8
Shields        | |  3.9

Action                   |  1- 3 |  4- 6 || total
-------------------------+-------+-------++-------
Melee: Long sword        |   143 |    13 ||   156
  Use: Scroll            |     4 |       ||     4
Armor: Scale mail        |    95 |    13 ||   108
Dodge: Dodged            |    76 |     7 ||    83
Block: Buckler           |    43 |     8 ||    51

Table legend: (Time is in decaauts)
 A = Elapsed time spent in this place.
 B = Non-inter-level travel time spent in this place.
 C = Inter-level travel time spent in this place.
 D = Time resting spent in this place.
 E = Time spent auto-exploring this place.
 F = Levels seen in this place.
 G = Mean time per level.
                   A        B        C        D        E       F      G
               +--------+--------+--------+--------+--------+-----+--------+
         Total |   1822 |   1813 |      9 |     25 |   1481 |   2 |  911.0 |
       Dungeon |   1822 |   1813 |      9 |     25 |   1481 |   2 |  911.0 |
               +--------+--------+--------+--------+--------+-----+--------+

Top non-repeatable levels by time:
     D:2: 1115 daAuts
     D:1: 707 daAuts
